[Event "International chess holiday K32"]
[Site "Praha"]
[Date "2013.07.30"]
[Round "4"]
[White "Placheta, Rostislav"]
[Black "Hentzgen, Thomas"]
[Result "0-1"]
[ECO "B22"]
[WhiteElo "1784"]
[BlackElo "2035"]
[Annotator "Koller,Martin"]
[PlyCount "68"]
[TimeControl "240+2"]

1. e4 c5 2. c3 Nf6 3. e5 Nd5 4. c4 Nc7 5. Nc3 Nc6 6.
Nf3 g6 7. Ne4 Ne6 8. Neg5 Bg7 9. Nxe6 dxe6 10. d3 Nxe5 11. Nxe5 Bxe5 12. Be2
Qc7 13. g3 Bd7 14. Rb1 O-O 15. O-O Bc6 16. b4 cxb4 17. Rxb4 Rfd8 18. c5 Bd4 19.
Be3 e5 20. Bxd4 Rxd4 21. Rxd4 exd4 22. Bf3 Rd8 23. Qe2 e6 24. Rb1 Rd7 25. a4
Bd5 26. Rc1 Qc6 27. Bxd5 Qxd5 28. Rc4 e5 29. f3 Re7 30. Qe4 Qxe4 31. fxe4 f5
32. exf5 gxf5 33. Kf2 Kf7 34. Kf3 a5 neèitelné 0-1

[Event "International chess holiday K32"]
[Site "Praha"]
[Date "2013.07.30"]
[Round "5"]
[White "Hadžala, Daniel"]
[Black "Placheta, Rostislav"]
[Result "1-0"]
[ECO "A22"]
[WhiteElo "2088"]
[BlackElo "1784"]
[Annotator "Koller,Martin"]
[PlyCount "52"]
[TimeControl "240+2"]

1. c4 Nf6 2. Nc3 e5 3. g3 c6 4. Bg2 d5 5. cxd5 Nxd5 6. Nf3 Nxc3 7. bxc3
Bd6 8. Qc2 Be6 9. Rb1 Qe7 10. d4 e4 11. Ng5 h6 12. Nxe6 Qxe6 13. Rxb7 O-O 14.
Bxe4 Re8 15. Bg2 Re7 16. Rxe7 Bxe7 17. O-O a5 18. e4 Nd7 19. c4 Rb8 20. c5 Rb4
21. d5 cxd5 22. exd5 Qa6 23. d6 Bd8 24. c6 Rc4 25. Qe2 Nf6 26. c7 Bxc7 1-0

[Event "International chess holiday K32"]
[Site "Praha"]
[Date "2013.07.30"]
[Round "5"]
[White "Hentzgen, Thomas"]
[Black "Fiala, Jan"]
[Result "1/2-1/2"]
[ECO "B40"]
[WhiteElo "2035"]
[BlackElo "1964"]
[Annotator "Koller,Martin"]
[PlyCount "27"]
[TimeControl "240+2"]

1. e4 c5 2. Nc3 e6 3. Nf3 a6 4. a4 Nc6 5. g3 d5 6. d3 Nf6 7. Bf4 Be7 8.
Bg2 O-O 9. O-O Bd7 10. h3 d4 11. Ne2 b5 12. g4 Qb6 13. b3 Rac8 14. Qd2 1/2-1/2

[Event "International chess holiday K32"]
[Site "Praha"]
[Date "2013.07.30"]
[Round "5"]
[White "Vítek, Jan"]
[Black "Rommel, Wilfried"]
[Result "1/2-1/2"]
[ECO "A41"]
[WhiteElo "1824"]
[BlackElo "1917"]
[Annotator "Koller,Martin"]
[PlyCount "25"]
[TimeControl "240+2"]

1. Nf3 g6 2. c4 Bg7 3. d4 d6 4. g3 e5 5. dxe5 dxe5 6. Qxd8+ Kxd8 7. Nc3
c6 8. e4 Kc7 9. Bg2 Be6 10. b3 f6 11. Be3 Bh6 12. Bxh6 Nxh6 13. O-O 1/2-1/2

[Event "International chess holiday K32"]
[Site "Praha"]
[Date "2013.07.30"]
[Round "5"]
[White "Schreuder Peters, Misja"]
[Black "Plesnivý, Martin"]
[Result "1/2-1/2"]
[ECO "B40"]
[WhiteElo "1915"]
[BlackElo "1732"]
[Annotator "Koller,Martin"]
[PlyCount "79"]
[TimeControl "240+2"]

1. e4 c5 2. Nf3 e6 3. Nc3 d5 4. exd5 exd5 5. Bb5+ Bd7 6. Qe2+ Ne7 7.
Nxd5 Nbc6 8. c3 a6 9. Ba4 b5 10. Bc2 Bg4 11. Nxe7 Qxe7 12. Qxe7+ Bxe7 13. Be4
Rc8 14. O-O Bxf3 15. Bxf3 Ne5 16. Bb7 Rb8 17. d4 Rxb7 18. dxe5 Rd7 19. Be3 O-O
20. Rfd1 Rfd8 21. Rxd7 Rxd7 22. Kf1 g5 23. Ke2 Rd5 24. f4 gxf4 25. Bxf4 Kf8 26.
Rd1 Rxd1 27. Kxd1 Ke8 28. Ke2 Kd7 29. Ke3 Ke6 30. Ke4 Bd8 31. b3 Bc7 32. g4 a5
33. a4 bxa4 34. bxa4 Bb8 35. h3 Bc7 36. Kd3 f6 37. Be3 fxe5 38. Bxc5 Kd5 39.
Ba7 e4+ 40. Ke3 1/2-1/2

[Event "International chess holiday K32"]
[Site "Praha"]
[Date "2013.07.30"]
[Round "5"]
[White "Janáèek, Jaroslav"]
[Black "Nelson, Wayne"]
[Result "1-0"]
[ECO "A09"]
[WhiteElo "2042"]
[BlackElo "2040"]
[Annotator "Koller,Martin"]
[PlyCount "109"]
[TimeControl "240+2"]

1. Nf3 d5 2. c4 d4 3. e3 c5 4. exd4 cxd4 5. d3 Nc6 6. Na3 e5 7. Nc2
Nge7 8. b4 Ng6 9. Rb1 Be7 10. g3 O-O 11. Bg2 Bg4 12. b5 Nb8 13. h3 Be6 14. O-O
Nd7 15. Re1 f6 16. Nd2 Nc5 17. Nb4 Re8 18. h4 Bf8 19. Ne4 Nxe4 20. Bxe4 Rb8 21.
h5 Ne7 22. f4 Nf5 23. Qf3 Qa5 24. a3 Ne3 25. f5 Bf7 26. g4 h6 27. Bxe3 dxe3 28.
Nc2 Bc5 29. Nxe3 Qxa3 30. Kh2 Qa2+ 31. Ng2 Qa3 32. Rec1 Red8 33. Ne1 Rd7 34.
Nc2 Qc3 35. Qe2 Rbd8 36. Ne1 Qd4 37. Nf3 Qd6 38. Rc2 Qb6 39. Re1 Qa5 40. Ra2
Qb6 41. Nd2 Bb4 42. Rd1 Bxd2 43. Rdxd2 Qd4 44. Rdc2 Qc5 45. Qf2 Rd4 46. Qg2
R8d7 47. Rc3 Qb4 48. Rca3 b6 49. Rxa7 Rxa7 50. Rxa7 Bxc4 51. Ra8+ Kh7 52. Ra7
Bxd3 53. Bxd3 Rxd3 54. Ra2 Qxg4 55. Qxg4 1-0

[Event "International chess holiday K32"]
[Site "Praha"]
[Date "2013.07.31"]
[Round "6"]
[White "Hentzgen, Thomas"]
[Black "Hadžala, Daniel"]
[Result "0-1"]
[ECO "C30"]
[WhiteElo "2035"]
[BlackElo "2088"]
[Annotator "Koller,Martin"]
[PlyCount "66"]
[TimeControl "240+2"]

1. f4 d6 2. e4 Nf6 3. Nc3 e5 4. Nf3 Nbd7 5. Bc4 Be7 6. Bxf7+ Kxf7 7.
Ng5+ Kg8 8. Ne6 Qe8 9. Nxc7 Qg6 10. O-O Rb8 11. d4 h6 12. fxe5 dxe5 13. N7d5
Nxd5 14. Nxd5 Bd6 15. c3 Kh7 16. Qd3 Nf6 17. dxe5 Bxe5 18. Bf4 Bxf4 19. Nxf6+
Qxf6 20. e5+ Qg6 21. Qxg6+ Kxg6 22. Rxf4 Be6 23. Kf2 Rhf8 24. g3 Rf5 25. Rxf5
Kxf5 26. Ke3 Kxe5 27. a3 Rd8 28. Re1 Bc4 29. Kf3+ Kf6 30. h4 Rd2 31. b4 Rd3+
32. Re3 Rxe3+ 33. Kxe3 Kf5 0-1

[Event "International chess holiday K32"]
[Site "Praha"]
[Date "2013.07.31"]
[Round "6"]
[White "Fiala, Jan"]
[Black "Plesnivý, Martin"]
[Result "0-1"]
[ECO "D32"]
[WhiteElo "1964"]
[BlackElo "1732"]
[Annotator "Koller,Martin"]
[PlyCount "90"]
[TimeControl "240+2"]

1. d4 d5 2. Nf3 e6 3. c4 c5 4. cxd5 exd5 5. Nc3 Nf6 6. Bg5 Be6 7. e3 c4
8. Be2 Bb4 9. Rc1 O-O 10. O-O Bxc3 11. Rxc3 b5 12. Rc1 Nbd7 13. Nd2 Bf5 14. h4
h6 15. Bf4 Ne4 16. Nxe4 Bxe4 17. f3 Bh7 18. Qe1 Re8 19. Qg3 Kh8 20. Rf2 Qe7 21.
Rcf1 a5 22. e4 dxe4 23. fxe4 f6 24. Bh5 Qxe4 25. Bxe8 Rxe8 26. Rd2 Nb6 27. Bc7
Nd5 28. Bxa5 Qe3+ 29. Qf2 Qxf2+ 30. Kxf2 Ra8 31. Bc3 b4 32. Bxb4 Nxb4 33. a3
Nd3+ 34. Kg3 Kg8 35. Rc2 Rc8 36. Rc3 Nxb2 37. Ra1 Na4 38. Re3 Kf7 39. h5 c3 40.
d5 Rd8 41. Rd1 c2 42. Rde1 Rd7 43. Kf4 Nb2 44. Rb3 Nd1 45. a4 c1=Q+ 0-1

[Event "International chess holiday K32"]
[Site "Praha"]
[Date "2013.07.31"]
[Round "6"]
[White "Nelson, Wayne"]
[Black "Vítek, Jan"]
[Result "1-0"]
[ECO "A80"]
[WhiteElo "2040"]
[BlackElo "1824"]
[Annotator "Koller,Martin"]
[PlyCount "63"]
[TimeControl "240+2"]

1. d4 f5 2. Bg5 g6 3. e3 Bg7 4. Bd3 Nf6 5. Nd2 O-O 6. c3 d6 7. Ngf3 Nc6
8. Qc2 e5 9. dxe5 Nxe5 10. Nxe5 dxe5 11. O-O-O Qe8 12. Bxf6 Rxf6 13. h4 h5 14.
e4 f4 15. Bc4+ Be6 16. Qb3 Qc6 17. Bxe6+ Rxe6 18. Nf3 Kh8 19. Ng5 Rf6 20. f3
Rff8 21. Rd5 Bf6 22. Rhd1 Bxg5 23. hxg5 Qb6 24. Qxb6 axb6 25. Rxe5 Rxa2 26. Kb1
Rfa8 27. Kc2 Ra1 28. Rd2 Rg8 29. Re7 Rg7 30. Rd8+ Kh7 31. Ree8 Rf7 32. Rh8+ 1-0

[Event "International chess holiday K32"]
[Site "Praha"]
[Date "2013.07.31"]
[Round "6"]
[White "Rommel, Wilfried"]
[Black "Schreuder Peters, Misja"]
[Result "0-1"]
[ECO "B35"]
[WhiteElo "1927"]
[BlackElo "1915"]
[Annotator "Koller,Martin"]
[PlyCount "80"]
[TimeControl "240+2"]

1. e4 c5 2. Nf3 g6 3. d4 cxd4 4. Nxd4 Nc6 5. Nc3 Bg7 6. Be3 Nf6 7. Bc4
O-O 8. Qd2 Ng4 9. Nxc6 dxc6 10. O-O-O Qxd2+ 11. Rxd2 b5 12. Bb3 a5 13. a4 Nxe3
14. fxe3 Bxc3 15. bxc3 bxa4 16. Bxa4 Be6 17. Bxc6 Rac8 18. Bd5 Rxc3 19. Rd3 Rc7
20. Kd2 Rfc8 21. Rc1 Bd7 22. Ra3 a4 23. Ba2 Kg7 24. c3 Rb8 25. Rc2 e6 26. c4
Bc6 27. Kc3 Bxe4 28. Rd2 Bc6 29. g3 Kf6 30. Rb2 Rcb7 31. Rxb7 Rxb7 32. c5 Rb5
33. Kc4 Rb2 34. Kc3 Rxh2 35. Kb4 Rb2+ 36. Ka5 Rb5+ 37. Kxa4 Rxc5+ 38. Kb4 Rb5+
39. Kc3 Rg5 40. Ra6 Bg2 0-1

[Event "International chess holiday K32"]
[Site "Praha"]
[Date "2013.07.31"]
[Round "6"]
[White "Placheta, Rostislav"]
[Black "Janáèek, Jaroslav"]
[Result "0-1"]
[ECO "B09"]
[WhiteElo "1784"]
[BlackElo "2042"]
[Annotator "Koller,Martin"]
[PlyCount "64"]
[TimeControl "240+2"]

1. e4 d6 2. d4 Nf6 3. Nc3 g6 4. f4 Bg7 5. e5 Nfd7 6. Nf3 c5 7. exd6
cxd4 8. Nb5 O-O 9. Nc7 exd6 10. Nxa8 Re8+ 11. Be2 Nc6 12. O-O Nc5 13. Bd3 Bg4
14. h3 Be6 15. Bd2 Qxa8 16. Re1 a6 17. a3 Bd5 18. Rxe8+ Qxe8 19. Qf1 b5 20. Re1
Qd7 21. Qe2 Kf8 22. Ng5 h6 23. Nf3 f5 24. b4 Ne4 25. Kh2 Kf7 26. Rf1 Nd8 27.
Be1 Ne6 28. Nd2 Nc3 29. Qf2 Nxf4 30. g3 Nd1 31. Qg1 Nh5 32. Bf2 Nxf2 0-1

[Event "International chess holiday K32"]
[Site "Praha"]
[Date "2013.08.01"]
[Round "7"]
[White "Vítek, Jan"]
[Black "Placheta, Rostislav"]
[Result "0-1"]
[ECO "D35"]
[WhiteElo "1824"]
[BlackElo "1784"]
[Annotator "Koller,Martin"]
[PlyCount "54"]
[TimeControl "240+2"]

1. Nf3 d5 2. c4 e6 3. g3 Nf6 4. Nc3 Bd6 5. d4 c6 6. cxd5 exd5 7. Bg2
O-O 8. O-O Bg4 9. Qc2 h6 10. Ne5 Bxe5 11. dxe5 Nh7 12. h3 Be6 13. f4 f5 14.
exf6 Nxf6 15. f5 Bf7 16. g4 Qb6+ 17. Kh2 Nbd7 18. Bf4 Rfe8 19. Rae1 Ne5 20. b3
Rad8 21. Na4 Qb4 22. Bd2 Qe7 23. g5 hxg5 24. Bxg5 Nfg4+ 25. hxg4 Nxg4+ 26. Kh3
Qxg5 27. Rh1 Ne3 0-1

[Event "International chess holiday K32"]
[Site "Praha"]
[Date "2013.08.01"]
[Round "7"]
[White "Hadžala, Daniel"]
[Black "Fiala, Jan"]
[Result "0-1"]
[ECO "A14"]
[WhiteElo "2088"]
[BlackElo "1964"]
[Annotator "Koller,Martin"]
[PlyCount "82"]
[TimeControl "240+2"]

1. Nf3 c5 2. c4 e6 3. g3 d5 4. Bg2 Nf6 5. O-O Be7 6. Qc2 O-O 7. d3 Nc6
8. a3 b6 9. b4 Bb7 10. b5 Nb8 11. Nbd2 d4 12. e3 dxe3 13. fxe3 Qc7 14. Nb3 Nbd7
15. Bb2 Ng4 16. Rfe1 Bf6 17. Rac1 Bxb2 18. Qxb2 e5 19. e4 Rfe8 20. Nh4 Nf8 21.
Qe2 Nf6 22. Rf1 Rad8 23. Rf3 Bc8 24. h3 Ne6 25. Rcf1 Ng5 26. Rxf6 gxf6 27. Rxf6
Qe7 28. Rh6 Bxh3 29. Nf5 Bxf5 30. exf5 Rd6 31. Rh5 Red8 32. Bd5 Rxd5 33. cxd5
Rxd5 34. Nd2 f6 35. Ne4 Nxe4 36. dxe4 Rd4 37. Kg2 c4 38. Qg4+ Qg7 39. Qe2 Rd3
40. Rh3 Qg5 41. Qe1 c3 0-1

[Event "International chess holiday K32"]
[Site "Praha"]
[Date "2013.08.01"]
[Round "7"]
[White "Schreuder Peters, Misja"]
[Black "Nelson, Wayne"]
[Result "0-1"]
[ECO "C86"]
[WhiteElo "1915"]
[BlackElo "2040"]
[Annotator "Koller,Martin"]
[PlyCount "104"]
[TimeControl "240+2"]

1. e4 e5 2. Nf3 Nc6 3. Bb5 a6 4. Ba4 Nf6 5. O-O Be7 6. Qe2 b5 7. Bb3
O-O 8. c3 d6 9. h3 Na5 10. Bc2 c5 11. d4 Qc7 12. Be3 h6 13. d5 Nc4 14. Bc1 Nh7
15. a4 Bd7 16. b3 Nb6 17. a5 Nc8 18. Nh2 Bg5 19. Be3 Ne7 20. Bd3 f5 21. f3 f4
22. Bf2 Ng6 23. b4 c4 24. Bc2 Qd8 25. Bb6 Qe7 26. Nd2 Nf6 27. Rf2 Bh4 28. Ng4
Bxf2+ 29. Qxf2 Nxg4 30. hxg4 Qh4 31. Qxh4 Nxh4 32. Kf2 Rac8 33. Rh1 Ng6 34. Ke2
Kf7 35. Bf2 Rh8 36. Bb6 Ne7 37. Nf1 g5 38. Rh5 Ng8 39. Bd1 Nf6 40. Nh2 Kg6 41.
Rh3 h5 42. Kf1 hxg4 43. fxg4 Kf7 44. Bf3 Kg7 45. Bf2 Rh7 46. Kg1 Rch8 47. Rxh7+
Rxh7 48. Be1 Kf8 49. Bf2 Rxh2 50. Kxh2 Bxg4 51. Bb6 Bd7 52. Kg1 g4 0-1

[Event "International chess holiday K32"]
[Site "Praha"]
[Date "2013.08.01"]
[Round "7"]
[White "Janáèek, Jaroslav"]
[Black "Hentzgen, Thomas"]
[Result "0-1"]
[ECO "A10"]
[WhiteElo "2042"]
[BlackElo "2035"]
[Annotator "Koller,Martin"]
[PlyCount "90"]
[TimeControl "240+2"]

1. Nf3 f5 2. c4 Nf6 3. g3 g6 4. b4 d6 5. Bg2 Bg7 6. Bb2 e5 7. d3 O-O 8.
O-O a5 9. b5 Nbd7 10. a4 h6 11. Nbd2 Rb8 12. Nb3 b6 13. Nfd2 g5 14. e4 f4 15.
g4 Nc5 16. Nxc5 dxc5 17. Bxe5 Nxg4 18. Bxg7 Kxg7 19. Nf3 Qf6 20. d4 cxd4 21.
Qxd4 Qxd4 22. Nxd4 Ne5 23. Rfd1 Rf6 24. Rac1 Be6 25. c5 Re8 26. cxb6 cxb6 27.
Rc7+ Rf7 28. Rdc1 Kf6 29. f3 h5 30. Bf1 Rxc7 31. Rxc7 Rd8 32. Nc6 Rd1 33. Nxe5
Kxe5 34. Kf2 Rd2+ 35. Be2 g4 36. Ke1 Ra2 37. Rh7 Kd4 38. Rxh5 Ke3 39. fxg4
Rxe2+ 40. Kd1 Bxg4 41. Rg5 Be6 42. Rg6 Bb3+ 43. Kc1 f3 44. Rxb6 f2 45. Rf6 Re1+
0-1

[Event "International chess holiday K32"]
[Site "Praha"]
[Date "2013.08.01"]
[Round "7"]
[White "Plesnivý, Martin"]
[Black "Rommel, Wilfried"]
[Result "0-1"]
[ECO "E90"]
[WhiteElo "1732"]
[BlackElo "1927"]
[Annotator "Koller,Martin"]
[PlyCount "62"]
[TimeControl "240+2"]

1. d4 Nf6 2. Nf3 g6 3. c4 Bg7 4. Nc3 O-O 5. e4 d6 6. h3 e5 7. dxe5 dxe5
8. Qxd8 Rxd8 9. Bg5 Re8 10. Bxf6 Bxf6 11. Nd5 Bd8 12. Be2 Na6 13. O-O c6 14.
Nc3 Bf6 15. Rad1 Be6 16. Rd2 Rad8 17. Rfd1 Rxd2 18. Rxd2 Bg7 19. Rd1 f6 20. a3
Bf8 21. b4 Nc7 22. c5 Ra8 23. Nh2 b6 24. cxb6 axb6 25. Nb1 Kf7 26. Ng4 h5 27.
Ne3 b5 28. Rd3 Ke8 29. g4 g5 30. Nd2 Bd7 31. Nf3 Ne6 neèitelné 0-1

[Event "International chess holiday K32"]
[Site "Praha"]
[Date "2013.08.01"]
[Round "8"]
[White "Nelson, Wayne"]
[Black "Plesnivý, Martin"]
[Result "1-0"]
[ECO "D05"]
[WhiteElo "2040"]
[BlackElo "1732"]
[Annotator "Koller,Martin"]
[PlyCount "59"]
[TimeControl "240+2"]

1. d4 d5 2. Nf3 e6 3. e3 c5 4. c3 Nf6 5. Bd3 c4 6. Bc2
Bd6 7. Nbd2 Nbd7 8. O-O e5 9. e4 dxe4 10. Nxe4 Nxe4 11. Bxe4 Nf6 12. Bg5 Qe7
13. dxe5 Bxe5 14. Re1 Bg4 15. Qa4+ Kf8 16. Bxb7 Qxb7 17. Nxe5 Ne4 18. Be3 Be6
19. Nxc4 Rc8 20. Na5 Qa8 21. Nb3 a6 22. Rad1 Bd5 23. Qd4 Nf6 24. f3 h6 25. Bf2
Kg8 26. Bh4 Rc4 27. Qf2 g5 28. Bg3 Nh5 29. Rd4 Rxd4 30. Nxd4 1-0

[Event "International chess holiday K32"]
[Site "Praha"]
[Date "2013.08.01"]
[Round "8"]
[White "Hadžala, Daniel"]
[Black "Janáèek, Jaroslav"]
[Result "0-1"]
[ECO "A07"]
[WhiteElo "2088"]
[BlackElo "2042"]
[Annotator "Koller,Martin"]
[PlyCount "54"]
[TimeControl "240+2"]

1. g3 e5 2. Bg2 d5 3. d3 Nf6 4. Nf3 Nc6 5. c3 a5 6. b3 Bc5 7. O-O O-O
8. Qc2 Re8 9. e4 h6 10. a3 Bg4 11. Nbd2 dxe4 12. dxe4 Qe7 13. Bb2 Rad8 14. b4
Ba7 15. b5 Nb8 16. Qa4 Nbd7 17. Qxa5 Nc5 18. Qb4 Nd3 19. Qxe7 Rxe7 20. Rab1
Nxf2 21. Rxf2 Bxf3 22. Nc4 Bxg2 23. b6 Bxe4 24. Re1 cxb6 25. Rxf6 gxf6 26. Rxe4
b5+ 27. Ne3 f5 0-1

[Event "International chess holiday K32"]
[Site "Praha"]
[Date "2013.08.01"]
[Round "8"]
[White "Hentzgen, Thomas"]
[Black "Vítek, Jan"]
[Result "1-0"]
[ECO "A83"]
[WhiteElo "2035"]
[BlackElo "1824"]
[Annotator "Koller,Martin"]
[PlyCount "49"]
[TimeControl "240+2"]

1. d4 f5 2. e4 fxe4 3. Nc3 Nf6 4. Bg5 g6 5. f3 d5 6. fxe4 Nxe4 7. Nxe4
dxe4 8. Bc4 Bg7 9. c3 Nc6 10. Ne2 Bg4 11. O-O Bf6 12. Bh6 Qd7 13. h3 Na5 14.
hxg4 Nxc4 15. Qb3 Qc6 16. g5 Nd2 17. Qa3 Nxf1 18. Rxf1 Rg8 19. gxf6 exf6 20.
Ng3 f5 21. Bg5 Qd6 22. Qb3 Kd7 23. Bf4 Qb6 24. Qd5+ Ke7 25. Bg5+ 1-0

[Event "International chess holiday K32"]
[Site "Praha"]
[Date "2013.08.01"]
[Round "8"]
[White "Fiala, Jan"]
[Black "Rommel, Wilfried"]
[Result "1-0"]
[ECO "C34"]
[WhiteElo "1964"]
[BlackElo "1927"]
[Annotator "Koller,Martin"]
[PlyCount "83"]
[TimeControl "240+2"]

1. e4 e5 2. f4 exf4 3. Nf3 Ne7 4. d4 d5 5. e5 Ng6 6. Bd3 Bg4 7. O-O c5
8. c3 Nc6 9. Qb3 c4 10. Qxb7 Na5 11. Qb5+ Bd7 12. Qxd5 cxd3 13. Ng5 Be6 14.
Nxe6 fxe6 15. Qxe6+ Be7 16. Bxf4 Rf8 17. Bg5 Rxf1+ 18. Kxf1 Qd7 19. Qg8+ Bf8
20. e6 Qb7 21. Nd2 h6 22. Ne4 Rd8 23. Nc5 Qc7 24. Qf7+ Qxf7+ 25. exf7+ Kxf7 26.
Bxd8 Nc6 27. Bc7 Bxc5 28. dxc5 Ke6 29. Re1+ Kd5 30. Re3 Kc4 31. Ke1 Nf8 32. Kd2
Nd7 33. Rxd3 Nxc5 34. b3+ Kb5 35. Rd5 Ne7 36. Re5 Ng6 37. Re8 Kc6 38. Bg3 Kd7
39. Ra8 Ne4+ 40. Kd3 Nxg3 41. Rxa7+ Ke6 42. hxg3 1-0

[Event "International chess holiday K32"]
[Site "Praha"]
[Date "2013.08.01"]
[Round "8"]
[White "Placheta, Rostislav"]
[Black "Schreuder Peters, Misja"]
[Result "1/2-1/2"]
[ECO "B22"]
[WhiteElo "1784"]
[BlackElo "1915"]
[Annotator "Koller,Martin"]
[PlyCount "68"]
[TimeControl "240+2"]

1. e4 c5 2. c3 Nf6 3. e5 Nd5 4. Nf3 Nc6 5. Bc4 Nb6 6. Bb3 d6 7. exd6
Qxd6 8. d4 cxd4 9. cxd4 Be6 10. O-O Bxb3 11. Qxb3 e6 12. Nc3 O-O-O 13. Be3 Nd5
14. Ne5 Nxc3 15. Qxc3 Qc7 16. Rac1 Bd6 17. Nxc6 bxc6 18. g3 Kd7 19. d5 exd5 20.
Qxg7 Kc8 21. Qd4 Be5 22. Qa4 Rd6 23. Rfd1 Kd7 24. Qg4+ Ke8 25. Bd4 h5 26. Qe2
Re6 27. Bxe5 Rxe5 28. Qf3 Rh6 29. Re1 Rhe6 30. Rxe5 Rxe5 31. Qc3 Kd7 32. Qd4
Ke6 33. Qc5 Kd7 34. Qd4 Ke6 1/2-1/2

[Event "International chess holiday K32"]
[Site "Praha"]
[Date "2013.08.03"]
[Round "9"]
[White "Janáèek, Jaroslav"]
[Black "Fiala, Jan"]
[Result "1-0"]
[ECO "B13"]
[WhiteElo "2042"]
[BlackElo "1964"]
[Annotator "Koller,Martin"]
[PlyCount "53"]
[TimeControl "240+2"]

1. e4 c6 2. d4 d5 3. exd5 cxd5 4. Bd3 Nc6 5. c3 Qc7 6. h3 e5 7. dxe5
Qxe5+ 8. Ne2 Bd6 9. Bf4 Qe7 10. O-O Nf6 11. Re1 O-O 12. Nd2 Re8 13. Nf3 Be6 14.
Bxd6 Qxd6 15. Ned4 a6 16. Qb3 b5 17. a4 Na5 18. Qc2 b4 19. Ng5 Nc6 20. Bxh7+
Kf8 21. Ndxe6+ fxe6 22. cxb4 Nxb4 23. Qg6 Ra7 24. Ra3 d4 25. Rf3 Nbd5 26. Ne4
e5 27. Nxd6 1-0

[Event "International chess holiday K32"]
[Site "Praha"]
[Date "2013.08.03"]
[Round "9"]
[White "Vítek, Jan"]
[Black "Hadžala, Daniel"]
[Result "0-1"]
[ECO "E94"]
[WhiteElo "1824"]
[BlackElo "2088"]
[Annotator "Koller,Martin"]
[PlyCount "46"]
[TimeControl "240+2"]

1. Nf3 Nf6 2. c4 g6 3. Nc3 Bg7 4. e4 d6 5. d4 O-O 6. Be2 Nbd7 7. O-O e5
8. d5 Nc5 9. Qc2 a5 10. Bg5 h6 11. Bh4 g5 12. Bg3 Nh5 13. Nd2 Nf4 14. Bxf4 exf4
15. g3 Qf6 16. g4 a4 17. a3 h5 18. h3 hxg4 19. hxg4 f3 20. Bxf3 Nb3 21. Be2
Nxa1 22. Rxa1 Qf4 23. Qd1 Bd4 0-1

[Event "International chess holiday K32"]
[Site "Praha"]
[Date "2013.08.03"]
[Round "9"]
[White "Schreuder, Peters Misja"]
[Black "Hentzgen, Thomas"]
[Result "1/2-1/2"]
[ECO "A87"]
[WhiteElo "1915"]
[BlackElo "2035"]
[Annotator "Koller,Martin"]
[PlyCount "33"]
[TimeControl "240+2"]

1. c4 f5 2. Nf3 Nf6 3. g3 g6 4. Bg2 Bg7 5. O-O d6 6. d4 O-O 7. Nc3 Qe8
8. b4 e5 9. dxe5 dxe5 10. e3 h6 11. Qb3 Kh8 12. a4 e4 13. Nd4 Nc6 14. Nxc6 Qxc6
15. Ba3 Qe8 16. Nb5 Qf7 17. Rac1 1/2-1/2

[Event "International chess holiday K32"]
[Site "Praha"]
[Date "2013.08.03"]
[Round "9"]
[White "Plesnivý, Martin"]
[Black "Placheta, Rostislav"]
[Result "1-0"]
[ECO "E51"]
[WhiteElo "1732"]
[BlackElo "1784"]
[Annotator "Koller,Martin"]
[PlyCount "21"]
[TimeControl "240+2"]

1. d4 Nf6 2. Nf3 d5 3. c4 e6 4. e3 Bb4+ 5. Nc3 O-O 6. Bd3 Ne4 7. Qc2 f5
8. O-O Nc6 9. cxd5 exd5 10. Nxd5 Nf6 11. Nf4 1-0

[Event "International chess holiday K32"]
[Site "Praha"]
[Date "2013.08.03"]
[Round "9"]
[White "Rommel, Wilfried"]
[Black "Nelson, Wayne"]
[Result "0-1"]
[ECO "C88"]
[WhiteElo "1927"]
[BlackElo "2040"]
[Annotator "Koller,Martin"]
[PlyCount "58"]
[TimeControl "240+2"]

1. e4 e5 2. Nf3 Nc6 3. Bb5 a6 4. Ba4 Nf6 5. O-O Be7 6. Re1 b5 7. Bb3
O-O 8. d4 Nxd4 9. Nxd4 exd4 10. e5 Ne8 11. Qxd4 c5 12. Qe4 Rb8 13. c4 Qb6 14.
Nc3 Bd8 15. Bf4 Nc7 16. Bc2 g6 17. b3 Bb7 18. Qd3 Qe6 19. Rad1 Bc6 20. Ne4 Be7
21. Qg3 bxc4 22. bxc4 Rb2 23. Nf6+ Kg7 24. Bb1 Rh8 25. Qh4 h5 26. Bg5 Na8 27.
f4 Rxg2+ 28. Kf1 Qxc4+ 29. Bd3 Qd4 0-1